 Dungeon Crawl Stone Soup version 0.30-a0-465-g8901f6c8b5 (webtiles) character file.

Game seed: 4032713934013216232

3831 PyroL the Fighter (level 9, -1/61 (85) HPs)
             Began as a Grey Draconian Warper on Dec 19, 2022.
             Was an Elder of Okawaru.
             Slain by a wight
             ... wielding a +4 flail of freezing
              (3 damage)
             ... on level 8 of the Dungeon.
             The game lasted 00:22:08 (10617 turns).

PyroL the Fighter (Grey Draconian Warper)          Turns: 10617, Time: 00:22:09

HP:   -1/61 (85)    AC: 14    Str: 15    XL:     9   Next: 97%
MP:   5/21          EV: 16    Int: 15    God:    Okawaru [****..]
Gold: 353           SH:  0    Dex: 12    Spells: 13/25 levels left

rFire   . . .      SeeInvis .    i - +2 dagger (venom)
rCold   . . .      Faith    .    (no shield)
rNeg    . . .      Spirit   .    (body armour unavailable)
rPois   .          Reflect  .    (helmet restricted)
rElec   .          Harm     .    v - +0 cloak
rCorr   .          Rampage  .    (no gloves)
Will    .....                    e - +0 pair of boots
Stlth   +.........               (no amulet)
HPRegen 0.30/turn                m - +4 ring of evasion
MPRegen 0.17/turn                t - ring of flight

@: flying, slowed, very heavily drained, very slow
A: AC +12, amphibious, unfitting armour, cold-blooded
a: Renounce Religion, Heroism, Finesse


You were on level 8 of the Dungeon.
You worshipped Okawaru.
Okawaru was greatly pleased with you.
You visited 2 branches of the dungeon, and saw 11 of its levels.

You collected 353 gold pieces.

Inventory:

Hand Weapons
 i - a +2 dagger of venom (weapon)
Missiles
 c - 7 boomerangs of dispersal (quivered)
 p - 6 boomerangs
 I - a throwing net
Armour
 e - a +0 pair of boots (worn)
 v - a +0 cloak (worn)
Jewellery
 m - a +4 ring of evasion (left hand)
 t - a ring of flight (right hand)
 u - a ring of protection from cold
 B - a ring of resist corrosion
 D - a ring of protection from fire
Wands
 g - a wand of mindburst (3)
 r - a wand of polymorph (9)
 A - a wand of flame (8)
Scrolls
 a - 3 scrolls of vulnerability
 b - a scroll of blinking
 d - 2 scrolls of enchant armour {unknown}
 f - a scroll of poison {unknown}
 j - 2 scrolls of immolation
 x - 2 scrolls of enchant weapon {unknown}
 y - 2 scrolls of fog
 F - a scroll of acquirement {unknown}
 G - a scroll of amnesia {unknown}
 J - a scroll of torment {unknown}
Potions
 h - 3 potions of lignification
 k - 2 potions of berserk rage
 l - a potion of might {unknown}
 n - 3 potions of curing
 q - 2 potions of flight {unknown}
 s - 2 potions of heal wounds
 w - 3 potions of brilliance
 z - a potion of cancellation {unknown}
 C - 3 potions of attraction
 E - a potion of haste {unknown}
 H - a potion of ambrosia {unknown}


   Skills:
 + Level 10.1 Fighting
 - Level 2.0 Maces & Flails
 - Level 0.8 Throwing
 - Level 2.1 Dodging
 + Level 8.5 Spellcasting
 - Level 7.2 Translocations


You had 13 spell levels left.
You knew the following spells:

 Your Spells              Type           Power      Damage    Failure   Level
a - Blink                 Tloc           56%        N/A       1%          2
b - Manifold Assault      Tloc           28%        N/A       6%          4
c - Gell's Gravitas       Tloc           28%        N/A       1%          3
d - Teleport Other        Tloc           28%        N/A       1%          3

Your spell library contained the following spells:

 Spells                   Type           Power      Damage    Failure   Level
 Lesser Beckoning         Tloc           56%        N/A       1%          3
 Vhi's Electric Charge    Tloc/Air       34%        N/A       8%          3
 Foxfire                  Conj/Fire      24%        2x1d5     12%         1
 Ozocubu's Armour         Ice            6%         N/A       34%         3
 Fireball                 Conj/Fire      3%         3d4       97%         5
 Starburst                Conj/Fire      3%         6d3       100%        6
 Ozocubu's Refrigeration  Ice            3%         4d8       100%        7


Dungeon Overview and Level Annotations

Branches:
Dungeon (10/15)            Temple (1/1) D:5
   Lair: D:8-11         Orc: D:9-12

Altars:
Ashenzari
Cheibriados
Dithmenos
Elyvilon
Fedhas
Gozag
Hepliaklqana
Kikubaaqudgha
Makhleb
Nemelex Xobeh
Okawaru
Qazlal
Ru
Sif Muna
Trog
Uskayaw
Vehumet
Wu Jian
Xom
Yredelemnul
Zin
The Shining One

Shops:
D:3 :


Innate Abilities, Weirdness & Mutations

Your dull iron-grey scales are very hard. (AC +12)
You are amphibious.
You cannot fit into any form of body armour.
You are cold-blooded and may be slowed by cold attacks.


Message History

You blink.
Casting: Blink (safe; 1% risk of failure)
Confirm with . or Enter, or press ? or * to list all spells.
Space momentarily warps into an impossible shape!
You closely miss the wight.
Casting: Manifold Assault (dangerous; 6% risk of failure)
Confirm with . or Enter, or press ? or * to list all spells.
Space momentarily warps into an impossible shape!
You barely miss the wight.
Casting: Manifold Assault (dangerous; 6% risk of failure)
Confirm with . or Enter, or press ? or * to list all spells.
Space momentarily warps into an impossible shape!
You hit the wight but do no damage.
You feel stable enough to blink again.
You hit the wight but do no damage.
The wight is almost destroyed.
The wight barely misses you.
Unknown command.
Casting: Manifold Assault (dangerous; 6% risk of failure)
Confirm with . or Enter, or press ? or * to list all spells.
You blink.
You barely miss the wight.
The wight is almost destroyed.
The wight barely misses you.
Unknown command.
You hit the wight but do no damage.
Your tail-slap misses the wight.
The wight is almost destroyed.
You feel stable enough to blink again. The wight hits you but does no damage.
Unknown command.
You barely miss the wight.
The wight is almost destroyed.
The wight barely misses you.
Unknown command.
You barely miss the wight.
Your tail-slap misses the wight.
The wight is almost destroyed.
The wight hits you with a +4 flail of freezing!
* * * LOW HITPOINT WARNING * * *
You feel yourself slow down. The wight freezes you.
You die...

#............#.....z
#............######.
#............ ....
#(..........# ###.
#......#+##. ...
#......'.# ....
#.#....#### ....
#.#.z.....#
#.#@#####)# ..#.#
#.# . ..#####[#
...#<)...#
....####### .....#
....... ......##


You could see a wight.

Vanquished Creatures
  A hornet (D:9)
  Prince Ribbit (D:5)
  A wyvern (D:7)
  3 steam dragons
  Menkaure (D:5)
  An acid dragon (D:10)
  An orc warrior (D:5)
  2 sky beasts
  2 black bears
  An ice beast (D:5)
  An ogre (D:5)
  A centaur (D:7)
  3 kobold brigands
  A bullfrog (D:9)
  A scorpion (D:4)
  A gnoll sergeant (D:7)
  A necrophage (D:5)
  13 wights
  5 killer bees
  A hound (D:6)
  A jelly (D:7)
  An orc priest (D:5)
  Crazy Yiuf (D:3)
  Terence (D:2)
  5 iguanas
  Natasha (thrice) (D:4)
  4 orc wizards
  A mummy (D:4)
  Robin (D:3)
  6 adders
  6 gnolls (D:7)
  A white imp (D:6)
  An ufetubus (D:7)
  A worm (D:5)
  12 orcs
  6 ball pythons
  4 bats
  13 endoplasms
  3 giant cockroaches (D:1)
  14 goblins
  7 hobgoblins
  6 jackals
  6 quokkas
  4 frilled lizards
  2 hobgoblin zombies (D:4)
  10 kobolds
  2 orc zombies (D:4)
  10 rats
174 creatures vanquished.

Vanquished Creatures (others)
  An ufetubus (D:6)
  2 fungi (D:3)
  4 plants (D:3)
7 creatures vanquished.

Grand Total: 181 creatures vanquished

Notes
Turn   | Place    | Note
-------+----------+-------------------------------------------
     0 | D:1      | PyroL the Draconian Warper began the quest for the Orb.
     0 | D:1      | Reached XP level 1. HP: 17/17 MP: 3/3
   101 | D:1      | Reached XP level 2. HP: 25/25 MP: 5/5
   111 | D:1      | HP: 1/25 [frozen (1)]
   739 | D:1      | Learned a level 2 spell: Blink
   746 | D:1      | Reached XP level 3. HP: 30/30 MP: 6/6
  1144 | D:2      | Reached skill level 3 in Fighting
  1335 | D:2      | Found an iron altar of Okawaru.
  1418 | D:2      | Became a worshipper of Warmaster Okawaru
  1451 | D:2      | Reached XP level 4. HP: 36/38 MP: 8/8
  1578 | D:3      | Noticed Terence
  1590 | D:2      | Killed Terence
  1847 | D:3      | Found a faded altar of an unknown god.
  1853 | D:3      | Noticed Robin
  1890 | D:3      | Killed Robin
  2039 | D:3      | Reached XP level 5. HP: 33/46 MP: 9/9
  2139 | D:3      | Found Busoj's Book Emporium.
  2214 | D:3      | Found a runed translucent door.
  2215 | D:3      | Noticed Crazy Yiuf
  2224 | D:3      | Killed Crazy Yiuf
  2582 | D:4      | Found a shadowy altar of Dithmenos.
  2669 | D:4      | Reached skill level 4 in Fighting
  2716 | D:4      | Noticed a black bear
  2735 | D:4      | Killed a black bear
  2735 | D:4      | Reached * piety under Okawaru
  2736 | D:4      | Reached XP level 6. HP: 49/53 MP: 11/11
  2956 | D:4      | Noticed Natasha
  2969 | D:4      | Killed Natasha
  3127 | D:4      | Reached skill level 5 in Translocations
  3322 | D:5      | Entered Level 5 of the Dungeon
  3337 | D:5      | Found a staircase to the Ecumenical Temple.
  3351 | Temple   | Entered the Ecumenical Temple
  3462 | D:5      | Noticed Menkaure
  3537 | D:4      | Noticed Natasha
  3545 | D:4      | Killed Natasha
  3610 | D:4      | Noticed Natasha
  3621 | D:4      | Killed Natasha
  3622 | D:4      | Reached skill level 5 in Fighting
  3829 | D:5      | Noticed an orc warrior
  4087 | D:5      | Killed an orc warrior
  4087 | D:5      | Reached ** piety under Okawaru
  4088 | D:5      | Your scales start taking on a dull iron-grey colour.
  4088 | D:5      | Reached XP level 7. HP: 23/61 MP: 10/13
  4907 | D:5      | Found a stormy altar of Qazlal.
  4916 | D:5      | Found a basalt altar of Yredelemnul.
  4919 | D:5      | Found a hazy altar of Hepliaklqana.
  4919 | D:5      | Found a sacrificial altar of Ru.
  5093 | D:5      | Found a burning altar of Makhleb.
  5161 | D:5      | Killed Menkaure
  5162 | D:5      | Reached skill level 5 in Spellcasting
  5301 | D:5      | Noticed Prince Ribbit
  5312 | D:5      | Killed Prince Ribbit
  5313 | D:5      | Reached skill level 6 in Fighting
  5313 | D:5      | Reached XP level 8. HP: 71/71 MP: 15/15
  5334 | D:5      | Learned a level 4 spell: Manifold Assault
  5742 | D:5      | Reached *** piety under Okawaru
  5858 | D:6      | Reached skill level 7 in Fighting
  6594 | D:7      | Reached XP level 9. HP: 64/81 MP: 18/18
  6688 | D:7      | Reached skill level 8 in Fighting
  6829 | D:7      | Reached **** piety under Okawaru
  6912 | D:7      | HP: 2/79 [wight/+1 scimitar (4)]
  8112 | D:6      | Reached skill level 9 in Fighting
  9217 | D:7      | You are sucked into a shaft and drop 3 floors!
  9217 | D:10     | Entered Level 10 of the Dungeon
  9294 | D:10     | Learned a level 3 spell: Gell's Gravitas
  9298 | D:10     | Learned a level 3 spell: Teleport Other
  9634 | D:10     | Noticed a wizard
  9634 | D:10     | Noticed a centaur warrior
  9668 | D:9      | Reached skill level 10 in Fighting
 10617 | D:8      | HP: 2/61 [wight/+4 flail of freezing (10)]
 10617 | D:8      | Slain by a wight

Illustrated notes

Levels and vault maps discovered:
D:1:      spicycebolla_green_bress_n_ham, layout_basic, minmay_misc_feat_five,
          minmay_crystal_room
D:2:      layout_loops_ring, basic_altar
D:3:      layout_basic, serial_shops, shop,
          shapermc_ecumenical_altar_mp_ritualfount, uniq_terence,
          uniq_crazy_yiuf_cottage, uniq_robin
D:4:      layout_basic, mainiacjoe_overflow_brackets, minmay_mini_ossuary,
          uniq_natasha
D:5:      layout_loops_cross, nicolae_overflow_hallway_of_the_gods,
          minmay_temple_entry_sparse_star, uniq_prince_ribbit1, uniq_menkaure
D:6:      layout_rooms
D:7:      layout_rooms
D:8:      layout_basic, lemuel_doored_altar
D:9:      layout_gridville, dreamdust_mushroom_princess, lightli_wizard_tower
D:10:     wad_arrow_thing, layout_rooms, lair_entry_dummy
Temple:   minmay_freezing_vapour_temple

Skill      XL: |  1  2  3  4  5  6  7  8  9 |
---------------+----------------------------+-----
Fighting       | 3 4 5 6 7 10 | 10.1
Spellcasting   | 3 4 5 6 8 |  8.5
Translocations | 4 5 6 7 |  7.2
Maces & Flails | |  2.0
Throwing       | |  0.8
Dodging        | |  2.1

Action                   |  1- 3 |  4- 6 |  7- 9 || total
-------------------------+-------+-------+-------++-------
Melee: Mace              |    50 |       |       ||    50
       Tailslap          |    10 |    26 |    96 ||   132
       Dagger            |    72 |   195 |   684 ||   951
       Punch             |       |     1 |     7 ||     8
 Cast: Blink             |       |     1 |    27 ||    28
       Manifold Assault  |       |       |    25 ||    25
Invok: Heroism           |       |       |     1 ||     1
Evoke: Wand              |       |       |     5 ||     5
  Use: Scroll            |     4 |     4 |     7 ||    15
       Potion            |       |     1 |     3 ||     4
 Stab: Sleeping          |       |     2 |       ||     2
Armor: Skin              |    32 |    53 |   219 ||   304
Dodge: Dodged            |    80 |   149 |   533 ||   762

Table legend: (Time is in decaauts)
 A = Elapsed time spent in this place.
 B = Non-inter-level travel time spent in this place.
 C = Inter-level travel time spent in this place.
 D = Time resting spent in this place.
 E = Time spent auto-exploring this place.
 F = Levels seen in this place.
 G = Mean time per level.
                   A        B        C        D        E       F      G
               +--------+--------+--------+--------+--------+-----+--------+
         Total |  10677 |  10286 |    391 |   3508 |   4499 |  11 |  970.6 |
       Dungeon |  10661 |  10270 |    391 |   3508 |   4489 |  10 | 1066.1 |
        Temple |     15 |     15 |      0 |      0 |     10 |   1 |   15.0 |
               +--------+--------+--------+--------+--------+-----+--------+

Top non-repeatable levels by time:
     D:6: 1875 daAuts
     D:5: 1800 daAuts
     D:7: 1647 daAuts
     D:4: 1523 daAuts
     D:1: 995 daAuts
     D:3: 974 daAuts
     D:2: 625 daAuts
     D:8: 546 daAuts
    D:10: 437 daAuts
     D:9: 235 daAuts
  Temple: 15 daAuts
